 Dungeon Crawl Stone Soup version 0.31.0-9-g3a7656b989 (webtiles) character file.

Game seed: 13389748675640308889

37 qw the Shooter (level 3, -8/20 HPs)
             Began as a Deep Elf Hunter on Feb 2, 2024.
             Killed from afar by Natasha (9 damage)
             ... with a magic dart
             ... on level 2 of the Dungeon.
             The game lasted 00:00:04 (1562 turns).

qw the Shooter (Deep Elf Hunter)                    Turns: 1562, Time: 00:00:04

Health: -8/20      AC:  5    Str: 10    XL:     3   Next: 23%
Magic:  5/5        EV: 11    Int: 13    God:
Gold:   61         SH:  0    Dex: 18    Spells: 2/2 levels left

rFire   . . .        a - +0 shortbow
rCold   . . .        (shield currently unavailable)
rNeg    . . .        e - +0 ring mail
rPois   .            (no helmet)
rElec   .            (no cloak)
rCorr   .            (no gloves)
SInv    .            (no boots)
Will    .....        (no amulet)
Stlth   +            (no ring)
HPRegen 0.23/turn    (no ring)
MPRegen 0.09/turn

%: no passive effects
@: no status effects
A: no striking features
a: no special abilities


You were on level 2 of the Dungeon.
You visited 1 branch of the dungeon, and saw 2 of its levels.

You collected 61 gold pieces.


   Skills:
 - Level 1.5 Fighting
 + Level 6.8 Ranged Weapons
 - Level 2.4 Dodging
 - Level 1.2 Stealth


You had 2 spell levels left.
You didn't know any spells.
Your spell library was empty.

Inventory:

Hand Weapons
 a - a +0 shortbow (weapon)
Armour
 e - a +0 ring mail (worn)
Scrolls
 d - a scroll of identify
 f - a scroll of fear {unknown}
 h - a scroll of immolation {unknown}
Potions
 b - a potion of curing {unknown}
 c - a potion of ambrosia {unknown}
 g - 2 potions of magic {unknown}

Dungeon Overview and Level Annotations

Branches:
Dungeon (2/15)

Altars:

Annotations:
D:2 Natasha


Message History

You shoot an arrow. The arrow closely misses Natasha.
Natasha claws you.
You shoot an arrow. The arrow hits Natasha.
Natasha is lightly wounded.
The cerulean imp disappears in a puff of smoke!
Natasha casts a spell at you. You resist with some effort.
You shoot an arrow. The arrow completely misses Natasha.
Natasha claws you.
You shoot an arrow. The arrow closely misses Natasha.
Natasha casts a spell.
You shoot an arrow. The arrow hits Natasha!
Natasha is heavily wounded.
Natasha closely misses you. Natasha claws you.
You shoot an arrow.
The arrow hits Natasha but does no damage.
Natasha is heavily wounded.
The cerulean imp hits you from afar with a +2 spear.
Natasha claws you but does no damage.
You shoot an arrow. The arrow closely misses Natasha.
The arrow misses the cerulean imp.
The cerulean imp closely misses you. Natasha claws you but does no damage.
You shoot an arrow.
The arrow hits Natasha but does no damage.
Natasha is heavily wounded.
The cerulean imp hits you from afar with a +2 spear.
Natasha completely misses you. The cerulean imp barely misses you.
You shoot an arrow. The arrow hits Natasha.
Natasha is almost dead.
Natasha stares at you and mumbles some strange words.
The magic dart hits you! The cerulean imp closely misses you.
You shoot an arrow. The arrow barely misses Natasha.
The arrow hits the cerulean imp.
The cerulean imp is moderately wounded.
Natasha mumbles some strange words.
The cerulean imp hits you from afar with a +2 spear.
Natasha casts a spell at you. The magic dart hits you!
You die...
Natasha begins licking her fur clean.

#.##... #..... #.....
.[.. #..^ #.5###.#
#.5...5# #h# #@# #.#
#.# #.# #.####
##.##.##
#######......##
####...##........##
#............###..####


You could see Natasha and 2 cerulean imps.

Vanquished Creatures
  An adder (D:2)
  A dart slug (D:2)
  A ball python (D:1)
  2 bats (D:1)
  5 endoplasms
  A giant cockroach (D:2)
  A goblin (D:2)
  4 hobgoblins
  5 frilled lizards
  2 kobolds
  2 rats
25 creatures vanquished.

Notes
Turn   | Place    | Note
-------+----------+-------------------------------------------
     0 | D:1      | qw the Deep Elf Hunter began the quest for the Orb.
     0 | D:1      | Reached XP level 1. HP: 12/12 MP: 3/3
     0 | D:1      | 0 ||| qw: Version: 0.3-a-155-g5e7d8dd
     0 | D:1      | 0 ||| qw: Game counter: 1285
     0 | D:1      | 0 ||| qw: Melee chars always use a shield: true
     0 | D:1      | 0 ||| qw: God list: Okawaru
     0 | D:1      | 0 ||| qw: Allow faded altars: false
     0 | D:1      | 0 ||| qw: Do Orc after clearing Dungeon:15 true
     0 | D:1      | 0 ||| qw: Do second Lair branch before Depths: true
     0 | D:1      | 0 ||| qw: Lair rune preference: random
     0 | D:1      | 0 ||| qw: Goals: Normal
     0 | D:1      | 0 ||| PLANNING D:1-11
   323 | D:1      | Reached XP level 2. HP: 16/16 MP: 4/4
   348 | D:1      | Reached skill level 6 in Ranged Weapons
   676 | D:1      | Found a faded altar of an unknown god.
   971 | D:1      | 971 ||| UPGRADING to +0 ring mail.
   981 | D:1      | 981 ||| DROPPING +0 leather armour.
   982 | D:1      | 982 ||| READING 2 scrolls labelled TEBRUA FYCSUU.
   983 | D:1      | 983 ||| DROPPING scroll of butterflies.
  1034 | D:2      | Reached XP level 3. HP: 20/20 MP: 5/5
  1540 | D:2      | Noticed Natasha
  1543 | D:2      | 1543 ||| RETREEEEATING.
  1561 | D:2      | HP: 4/20 [Natasha/magic dart (7)]
  1562 | D:2      | HP: 1/20 [cerulean imp/+2 spear[Natasha] (3)]
  1562 | D:2      | Killed from afar by Natasha

Levels and vault maps discovered:
D:1:      zaba_arrival_water, layout_basic, chequers_ecumenical_altar_lobes,
          grunt_decor_fettered, minmay_tetromino_l4
D:2:      layout_loops_corners, minmay_misc_feat_chi, uniq_natasha

Skill      XL: |  1  2 |
---------------+-------+-----
Ranged Weapons | 6 |  6.8
Fighting       | |  1.5
Dodging        | |  2.4
Stealth        | |  1.2

Action                     || total
---------------------------++-------
   Fire: Shortbow          ||    72
    Use: Scroll            ||     1
 Armour: Leather armour    ||     3
         Ring mail         ||    19
  Dodge: Dodged            ||    18

Table legend:
 A = Non-vault XP
 B = Vault XP
 C = Vault XP percentage of total XP
 D = Non-vault monster count
 E = Vault monster count
 F = Vault count percentage of total count
                 A         B        C        D         E       F
            +---------+---------+-------+---------+---------+-------
      Total |      50 |       4 |   7.4 |      22 |       3 |  12.0
            +---------+---------+-------+---------+---------+-------
        D:1 |      18 |       4 |  18.2 |      11 |       3 |  21.4
        D:2 |      32 |       0 |   0.0 |      11 |       0 |   0.0
            +---------+---------+-------+---------+---------+-------
